 Dungeon Crawl Stone Soup version 0.30-a0-972-gf3ab3527aa (webtiles) character file.

Game seed: 13570738854613957381

1007 jasper the Magician (level 8, -3/58 HPs)
             Began as a Djinni Hedge Wizard on Mar 31, 2023.
             Was an Initiate of Ashenzari.
             Slain by a hell rat (14 damage)
             ... on level 5 of the Dungeon.
             The game lasted 00:09:38 (5429 turns).

jasper the Magician (Djinni Hedge Wizard)           Turns: 5429, Time: 00:09:39

Health: -3/58      AC:  3    Str: 11    XL:     8   Next: 44%
Gold:   346        EV: 13    Int: 19    God:    Ashenzari [......] SH:  0 Dex: 12

rFire   + + .      SeeInvis +    n - +1 dagger (venom)
rCold   + + .      Faith    .    (no shield)
rNeg    + . .      Spirit   .    d - +0 robe of the Devil {rC++ rN+ Str+2 SInv}
rPois   ∞          Reflect  .    c - +1 hat
rElec   .          Rampage  .    (no cloak)
rCorr   .                        (no gloves)
Will    +....                    (boots unavailable)
Stlth   ++                       (no amulet)
HPRegen 0.29/turn                o - ring of protection from cold
MPRegen 0.00/turn                j - ring of willpower

@: flying, hasted, very quick
A: sickness immunity, fire resistance 2, cold vulnerability 1, float, innate
caster, HP casting, extra vitality 1
a: Renounce Religion, Curse Item


You were on level 5 of the Dungeon.
You worshipped Ashenzari.
Ashenzari was noncommittal.
You visited 2 branches of the dungeon, and saw 6 of its levels.

You collected 346 gold pieces.

Inventory:

Hand Weapons
 a - a +0 dagger
 k - a +0 short sword
 n - a +1 dagger of venom (weapon)
Missiles
 p - 6 silver javelins
 q - a throwing net
Armour
 b - a +0 robe
 c - a +1 hat (worn)
 d - the +0 robe of the Devil (worn) {rC++ rN+ Str+2 SInv}
   (You found it on level 2 of the Dungeon)

   Str:       It affects your strength (+2).
   rC:        It greatly protects you from cold.
   rN:        It protects you from negative energy.
   SInv:      It lets you see invisible.
Jewellery
 j - a ring of willpower (right hand)
 o - a ring of protection from cold (left hand)
Scrolls
 r - 2 scrolls of immolation {unknown}
 s - a scroll of enchant weapon
 t - a scroll of poison
 u - 3 scrolls of teleportation {unknown}
 w - a scroll of identify
 x - a scroll of magic mapping {unknown}
 y - a scroll of fog {unknown}
Potions
 f - 3 potions of mutation
 g - 2 potions of attraction
 h - a potion of resistance
 l - 3 potions of lignification {unknown}
 v - a potion of brilliance {unknown}
 z - a potion of cancellation {unknown}


   Skills:
 + Level 4.3 Fighting
 + Level 5.4 Dodging
 - Level 1.5 Stealth
 * Level 5.6 Spellcasting


You knew the following spells:

 Your Spells              Type           Power      Damage    Failure   Level
a - Magic Dart            Conj           100%       1d8       1%          1
b - Slow                  Hex            100%       N/A       1%          1
c - Blink                 Tloc           52%        N/A       1%          2
d - Call Imp              Summ           26%        N/A       1%          2
e - Mephitic Cloud        Conj/Pois/Air  26%        N/A       3%          3
f - Freeze                Ice            100%       1d10      1%          1
g - Ensorcelled Hibernat  Hex/Ice        52%        N/A       1%          2
h - Momentum Strike       Conj/Tloc      52%        3d9       1%          2
Your spell library was empty.

Dungeon Overview and Level Annotations

Branches:
Dungeon (5/15)             Temple (1/1) D:4

Altars:
Ashenzari
Cheibriados
Dithmenos
Elyvilon
Fedhas
Gozag
Hepliaklqana
Trog
Uskayaw
Xom
Yredelemnul
The Shining One

Annotations:
D:4 3 runed translucent doors, mandarbmax's ghost, amateur VSFi


Innate Abilities, Weirdness & Mutations

You are immune to sickness and miasma.
You are immune to poison.
Your flesh is very heat resistant. (rF++)
You are vulnerable to cold. (rC-)
You float through the air rather than walking.
You learn spells naturally, not from books.
Your magical power is your life essence.
You have superior vitality. (+4 MHP)


Message History

The hell rat misses you.
You feel much better. The hell rat bites you.
You regained 20 hp, and now have 39/58 hp.
You hit the hell rat but do no damage.
The hell rat looks as sick as possible!
The hell rat is heavily wounded.
The hell rat bites you.
You take 2 damage, and have 37/58 hp.
You barely miss the hell rat.
The hell rat is severely wounded.
The hell rat bites you!! The hell rat closely misses you.
You take 17 damage, and have 20/58 hp.
MASSIVE DAMAGE!!
You barely miss the hell rat.
The hell rat is severely wounded.
The hell rat bites you!
* * * LOW HITPOINT WARNING * * *
You take 15 damage, and have 5/58 hp.
MASSIVE DAMAGE!!
You see here a river rat corpse.
The hell rat attacks as you move away! The hell rat barely misses you.
The hell rat attacks as you move away! The hell rat completely misses you.
You kill the hell rat!
The hell rat twitches its whiskers.
Things that are here:
a river rat corpse; a river rat corpse; a river rat corpse You see here a river rat corpse.
You aren't carrying any items that you can evoke.
Okay, then.
Okay, then.
Unknown command.
Unknown command.
You aren't carrying any items that you can evoke.
You feel yourself speed up.
You closely miss the hell rat. The hell rat closely misses you.
You hit the hell rat but do no damage.
The hell rat is poisoned.
The hell rat closely misses you.
You hit the hell rat.
The hell rat looks even sicker.
The hell rat is lightly wounded.
You closely miss the hell rat.
The hell rat is lightly wounded.
The hell rat bites you!
You die...

#...... #...... #.....#
#....## #....# ###....#
####......# #########
#....#....#
###.#rr@#.########....#
##.†#.###.#..†## ###.##
##r##### ######.## #)#
###.## ####.# #.# ##.r##
.##..### #)# #r###
r##.###.####.### ##.## .r
##.##.....)...
#†#.#######.#
.##.#..###.###
####.r##.rr#...##.###.....#


You could see a hell rat (very poisoned) and a river rat.

Vanquished Creatures
  An ogre (D:5)
  A centaur (D:5)
  2 scorpions
  An orc priest (D:5)
  Jessica (D:3)
  Ijyb (D:3)
  8 hell rats (D:5)
  3 orc wizards
  7 adders
  11 river rats (D:5)
  A white imp (D:5)
  2 ufetubi (D:5)
  A dart slug (D:2)
  A worm (D:2)
  17 orcs
  4 bats
  9 endoplasms
  A giant cockroach (D:2)
  9 goblins
  11 hobgoblins
  10 kobolds
  5 quokkas
  6 ball pythons
  6 frilled lizards
  4 rats
123 creatures vanquished.

Vanquished Creatures (collateral kills)
  An ogre (D:4)
1 creature vanquished.

Grand Total: 124 creatures vanquished

Notes
Turn   | Place    | Note
-------+----------+-------------------------------------------
     0 | D:1      | jasper the Djinni Hedge Wizard began the quest for the Orb.
     0 | D:1      | jasper set off with the following spells memorised: Magic
                  | Dart, Slow, Blink, Call Imp, Mephitic Cloud.
     0 | D:1      | Reached XP level 1. HP: 15/15 MP: 0/0
   179 | D:1      | Reached XP level 2. HP: 19/22 MP: 0/0
   735 | D:1      | Reached XP level 3. HP: 22/26 MP: 0/0
   735 | D:1      | Learned a level 1 spell: Freeze
   765 | D:1      | Reached skill level 1 in Fighting
  1293 | D:2      | Identified the +0 robe of the Devil {rC++ rN+ Str+2 SInv}
  1715 | D:2      | Reached XP level 4. HP: 31/32 MP: 0/0
  1998 | D:3      | Noticed Ijyb
  2011 | D:3      | Killed Ijyb
  2152 | D:3      | Found a faded altar of an unknown god.
  2362 | D:3      | Found a faded altar of an unknown god.
  2391 | D:3      | Reached XP level 5. HP: 30/38 MP: 0/0
  2391 | D:3      | Learned a level 2 spell: Ensorcelled Hibernation
  2683 | D:3      | Found a shimmering altar of Xom.
  2848 | D:3      | Noticed Jessica
  2854 | D:3      | Killed Jessica
  2997 | D:4      | Noticed an ogre
  3255 | D:4      | Found a staircase to the Ecumenical Temple.
  3281 | D:4      | Found a bloodstained altar of Trog.
  3532 | D:4      | Killed an ogre
  3533 | D:4      | Reached XP level 6. HP: 38/45 MP: 0/0
  3814 | D:4      | Reached XP level 7. HP: 46/50 MP: 0/0
  3814 | D:4      | Learned a level 2 spell: Momentum Strike
  3831 | D:4      | Found a runed translucent gate.
  3832 | D:4      | Found a runed translucent gate.
  3833 | D:4      | Found a runed translucent gate.
  3896 | Temple   | Entered the Ecumenical Temple
  4129 | Temple   | Became a worshipper of Ashenzari the Shackled
  4243 | D:4      | Found an opulent altar of Gozag.
  4243 | D:4      | Noticed a steam dragon
  4248 | D:4      | Noticed mandarbmax's ghost (amateur VSFi)
  4712 | D:5      | Entered Level 5 of the Dungeon
  4809 | D:5      | HP: 2/50 [orc priest/divine providence (9)]
  5063 | D:5      | Reached skill level 5 in Spellcasting
  5063 | D:5      | Reached XP level 8. HP: 44/58 MP: 0/0
  5246 | D:5      | Reached skill level 5 in Dodging
  5429 | D:5      | Slain by a hell rat

Illustrated notes

Levels and vault maps discovered:
D:1:      beargit_arrival_diablo_church, layout_basic, minmay_close_crescents
D:2:      layout_loops_ring, minmay_misc_feat_encased, grunt_ministairs_3
D:3:      layout_loops_cross, nicolae_overflow_ecumenical_swirl,
          general_overflow_altar, shapermc_ecumenical_altar_flowoftime,
          minmay_misc_feat_roman, uniq_jessica, uniq_ijyb
D:4:      minmay_wonky_spiral, layout_layer_cave, trog_hazing_becter,
          minmay_temple_entry_poolview, ebering_ghost_gozag
D:5:      wander_guarded_unrand_ratskin, layout_rooms, minmay_circle_x
Temple:   minmay_temple_forest_path

Skill      XL: |  1  2  3  4  5  6  7  8 |
---------------+-------------------------+-----
Fighting       | 1 2 3 4 |  4.3
Spellcasting   | 3 4 5 |  5.6
Dodging        | 3 4 5 |  5.4
Stealth        | |  1.5

Action                     |  1- 3 |  4- 6 |  7- 9 || total
---------------------------+-------+-------+-------++-------
  Melee: Dagger            |     3 |    26 |    83 ||   112
         Punch             |       |       |     2 ||     2
   Cast: Magic Dart        |    93 |    65 |    27 ||   185
         Freeze            |     3 |    37 |    33 ||    73
         Mephitic Cloud    |       |     3 |       ||     3
         Call Imp          |       |     1 |       ||     1
         Momentum Strike   |       |       |     1 ||     1
  Evoke: Wand              |       |       |    14 ||    14
    Use: Scroll            |     6 |     3 |       ||     9
         Potion            |       |       |     5 ||     5
 Armour: Robe              |       |     9 |    18 ||    27
  Dodge: Dodged            |    11 |    26 |    86 ||   123

Table legend: (Time is in decaauts)
 A = Elapsed time spent in this place.
 B = Non-inter-level travel time spent in this place.
 C = Inter-level travel time spent in this place.
 D = Time resting spent in this place.
 E = Time spent auto-exploring this place.
 F = Levels seen in this place.
 G = Mean time per level.
                   A        B        C        D        E       F      G
               +--------+--------+--------+--------+--------+-----+--------+
         Total |   5425 |   5195 |    230 |    362 |   4096 |   6 |  904.2 |
       Dungeon |   5167 |   5003 |    164 |    362 |   3915 |   5 | 1033.4 |
        Temple |    257 |    191 |     66 |      0 |    181 |   1 |  257.0 |
               +--------+--------+--------+--------+--------+-----+--------+

Top non-repeatable levels by time:
     D:3: 1277 daAuts
     D:1: 1219 daAuts
     D:4: 1210 daAuts
     D:2: 744 daAuts
     D:5: 715 daAuts
  Temple: 257 daAuts
